3L
KINGSTON TOWNSHIP LEGION @ ROCKY MOUNTAIN NUGGETS
08/08/2022
 
TOP OF THE 1ST
Kingston Township Legion batting - Pitching for Rocky Mountain Nuggets : RHP Félix Jiménez
Pitching: RHP Félix Jiménez
Batting: LHB Forrest McCooke 0-0: Ball
1-0: Ball
2-0: Bunt missed!
2-1: Foul Ball, location: 2F
2-2: Strikes out swinging
Batting: RHB Layton Templeman 0-0: Foul Ball, location: 2F
0-1: Foul Ball, location: 2F
0-2: Ground out 6-3 (Groundball, 56)
Batting: LHB Marcos Zúñiga 0-0: Called Strike
0-1: Called Strike
0-2: Ball
1-2: Strikes out swinging
Top of the 1st over - 0 run(s), 0 hit(s), 0 error(s), 0 left on base; Kingston Township 0 - Rocky Mountain 0
BOTTOM OF THE 1ST
Rocky Mountain Nuggets batting - Pitching for Kingston Township Legion : RHP Cisco Cruz
Pitching: RHP Cisco Cruz
Batting: LHB Juan Ríos 0-0: Called Strike
0-1: Ball
1-1: Ball
2-1: Ground out U3 (Groundball, 3)
Batting: RHB Michael Riley 0-0: Foul Ball, location: 2F
0-1: Fly out, F9 (Flyball, 89M)
Batting: RHB Mark Melton 0-0: Called Strike
0-1: Ball
1-1: Called Strike
1-2: Ball
2-2: Ball
3-2: TRIPLE (Flyball, 8LXD)
Batting: RHB Mark O'Monaghan 0-0: SINGLE (Line Drive, 4D)
Mark Melton scores
Batting: RHB Xie-li Kan 0-0: Called Strike
0-1: Ball
Mark O'Monaghan is caught stealing 2nd base
Bottom of the 1st over - 1 run(s), 2 hit(s), 0 error(s), 0 left on base; Kingston Township 0 - Rocky Mountain 1
TOP OF THE 2ND
Kingston Township Legion batting - Pitching for Rocky Mountain Nuggets : RHP Félix Jiménez
Batting: LHB Wilfrid Savary 0-0: Ball
1-0: Called Strike
1-1: Foul Ball, location: 2F
1-2: Foul Ball, location: 2F
1-2: Foul Ball, location: 2F
1-2: Foul Ball, location: 2F
1-2: SOLO HOME RUN (Flyball, 9D), Distance : 368 ft
Batting: LHB Gonzalo López 0-0: Called Strike
0-1: Ball
1-1: Ball
2-1: Ground out 4-3 (Groundball, 4)
Batting: RHB Pedro Mendoza 0-0: Called Strike
0-1: Called Strike
0-2: Strikes out looking
Batting: RHB Pete Knight 0-0: Called Strike
0-1: Foul Ball, location: 2F
0-2: Ball
1-2: Foul Ball, location: 2F
1-2: Strikes out swinging
Top of the 2nd over - 1 run(s), 1 hit(s), 0 error(s), 0 left on base; Kingston Township 1 - Rocky Mountain 1
BOTTOM OF THE 2ND
Rocky Mountain Nuggets batting - Pitching for Kingston Township Legion : RHP Cisco Cruz
Batting: RHB Xie-li Kan 0-0: Ball
1-0: SINGLE (Groundball, 56D) (infield hit)
Batting: SHB Jorge Colomo 0-0: Ball
1-0: Ball
2-0: Swinging Strike
2-1: Called Strike
2-2: Strikes out looking
Batting: RHB Juan Ávila 0-0: Ball
1-0: Swinging Strike
1-1: Called Strike
1-2: Ball
2-2: Ball
3-2: Foul Ball, location: 2F
3-2: Base on Balls
Xie-li Kan to second
Batting: RHB Paul Smith 0-0: Ball
1-0: Ball
2-0: Swinging Strike
2-1: Ball
3-1: Base on Balls
Xie-li Kan to third
Juan Ávila to second
Batting: RHB Mike Green 0-0: Ball
1-0: Called Strike
1-1: Foul Ball, location: 2F
1-2: Foul Ball, location: 2F
1-2: Ball
2-2: Ball
3-2: Foul Ball, location: 2F
3-2: Hit by Pitch
Xie-li Kan scores
Juan Ávila to third
Paul Smith to second
Batting: LHB Juan Ríos 0-0: Fly out, F6 (Popup, 6)
Batting: RHB Michael Riley 0-0: Foul Ball, location: 2F
0-1: Foul Ball, location: 2F
0-2: SINGLE (Popup, 6MD)
Juan Ávila scores
Paul Smith to third
Mike Green to second
Runner from 3rd tries for Home, SAFE, throw made home
Batting: RHB Mark Melton 0-0: Ball
1-0: Foul Ball, location: 2F
1-1: Called Strike
1-2: Ball
2-2: Fielders Choice at 2nd, U6 (Groundball, 6M)
Bottom of the 2nd over - 3 run(s), 2 hit(s), 0 error(s), 2 left on base; Kingston Township 1 - Rocky Mountain 4
TOP OF THE 3RD
Kingston Township Legion batting - Pitching for Rocky Mountain Nuggets : RHP Félix Jiménez
Batting: RHB Ralph May 0-0: Foul Ball, location: 2F
0-1: Ball
1-1: Swinging Strike
1-2: Strikes out swinging
Batting: RHB Ernie McPherson 0-0: Ball
1-0: Called Strike
1-1: Swinging Strike
1-2: Ball
2-2: Strikes out looking
Batting: LHB Forrest McCooke 0-0: Bunt for hit - play at first, batter OUT! 2-3
Top of the 3rd over - 0 run(s), 0 hit(s), 0 error(s), 0 left on base; Kingston Township 1 - Rocky Mountain 4
BOTTOM OF THE 3RD
Rocky Mountain Nuggets batting - Pitching for Kingston Township Legion : RHP Cisco Cruz
Batting: RHB Mark O'Monaghan 0-0: Ball
1-0: Called Strike
1-1: Swinging Strike
1-2: Ball
2-2: Strikes out swinging
Batting: RHB Xie-li Kan 0-0: Called Strike
0-1: Ball
1-1: Swinging Strike
1-2: Strikes out swinging
Batting: SHB Jorge Colomo 0-0: Called Strike
0-1: Ball
1-1: Called Strike
1-2: Ball
2-2: Foul Ball, location: 2F
2-2: Ball
3-2: Base on Balls
Batting: RHB Juan Ávila 0-0: Swinging Strike
0-1: Ground out 5-3 (Groundball, 5S)
Bottom of the 3rd over - 0 run(s), 0 hit(s), 0 error(s), 1 left on base; Kingston Township 1 - Rocky Mountain 4
TOP OF THE 4TH
Kingston Township Legion batting - Pitching for Rocky Mountain Nuggets : RHP Félix Jiménez
Batting: RHB Layton Templeman 0-0: Called Strike
0-1: Foul Ball, location: 2F
0-2: Ball
1-2: Foul Ball, location: 2F
1-2: Ball
2-2: SINGLE (Line Drive, 7S)
Batting: LHB Marcos Zúñiga 0-0: Called Strike
0-1: Ball
1-1: Called Strike
1-2: Strikes out swinging
Batting: LHB Wilfrid Savary 0-0: Ball
1-0: Foul Ball, location: 2F
1-1: Ball
2-1: Swinging Strike
2-2: Fly out, F8 (Line Drive, 8RS)
Batting: LHB Gonzalo López 0-0: Ball
1-0: Ball
Wild Pitch!
Layton Templeman to second
2-0: Swinging Strike
2-1: Ball
3-1: Base on Balls
Batting: RHB Pedro Mendoza 0-0: Ball
1-0: Called Strike
1-1: Fielders Choice at 2nd, 5-4 (Groundball, 5)
Top of the 4th over - 0 run(s), 1 hit(s), 0 error(s), 1 left on base; Kingston Township 1 - Rocky Mountain 4
BOTTOM OF THE 4TH
Rocky Mountain Nuggets batting - Pitching for Kingston Township Legion : RHP Cisco Cruz
Batting: RHB Paul Smith 0-0: Called Strike
0-1: SINGLE (Line Drive, 56D)
Batting: RHB Mike Green 0-0: Called Strike
0-1: Foul Ball, location: 2F
0-2: Ball
1-2: Ball
2-2: Ball
3-2: Foul Ball, location: 2F
3-2: Base on Balls
Paul Smith to second
Batting: LHB Juan Ríos 0-0: Fielders Choice at 2nd, 1-6 (Groundball, 13)
Paul Smith to third
Batting: RHB Michael Riley 0-0: Ball
1-0: Ball
2-0: Foul Ball, location: 2F
2-1: Called Strike
2-2: Foul Ball, location: 2F
2-2: Strikes out swinging
Batting: RHB Mark Melton 0-0: Ball
1-0: Ball
2-0: Foul Ball, location: 2F
2-1: SINGLE (Line Drive, 6MD)
Paul Smith scores
Juan Ríos to second
Batting: RHB Mark O'Monaghan 0-0: Ball
1-0: Swinging Strike
1-1: Called Strike
1-2: Ball
2-2: Ball
3-2: Foul Ball, location: 2F
3-2: Foul Ball, location: 2F
3-2: Strikes out swinging
Bottom of the 4th over - 1 run(s), 2 hit(s), 0 error(s), 2 left on base; Kingston Township 1 - Rocky Mountain 5
TOP OF THE 5TH
Kingston Township Legion batting - Pitching for Rocky Mountain Nuggets : RHP Félix Jiménez
Batting: RHB Pete Knight 0-0: Ground out 6-3 (Groundball, 6)
Batting: RHB Ralph May 0-0: Ball
1-0: Called Strike
1-1: Ground out 4-3 (Groundball, 4M)
Batting: RHB Ernie McPherson 0-0: Called Strike
0-1: Reached on error, E5 (Groundball, 15S)
Batting: LHB Forrest McCooke 0-0: Ball
1-0: Ball
2-0: Ball
3-0: Base on Balls
Batting: RHB Layton Templeman 0-0: Ball
1-0: Called Strike
1-1: DOUBLE (Flyball, 89M)
Ernie McPherson scores
Forrest McCooke to third
Runner from 3rd tries for Home, throw and OUT!
Top of the 5th over - 1 run(s), 1 hit(s), 1 error(s), 1 left on base; Kingston Township 2 - Rocky Mountain 5
BOTTOM OF THE 5TH
Rocky Mountain Nuggets batting - Pitching for Kingston Township Legion : RHP Cisco Cruz
Batting: RHB Xie-li Kan 0-0: Fly out, F6 (Popup, 6)
Batting: SHB Jorge Colomo 0-0: Called Strike
0-1: Ground out 4-3 (Groundball, 4)
Batting: RHB Juan Ávila 0-0: Called Strike
0-1: Ball
1-1: Ball
2-1: Ball
3-1: Base on Balls
Pitching: RHP Wally Wilkerson
Batting: RHB Paul Smith 0-0: Called Strike
0-1: Ball
1-1: Swinging Strike
1-2: Foul Ball, location: 2F
1-2: Ball
2-2: Strikes out swinging
Bottom of the 5th over - 0 run(s), 0 hit(s), 0 error(s), 1 left on base; Kingston Township 2 - Rocky Mountain 5
TOP OF THE 6TH
Kingston Township Legion batting - Pitching for Rocky Mountain Nuggets : RHP Félix Jiménez
Batting: LHB Marcos Zúñiga 0-0: Fly out, F7 (Flyball, 7M)
Batting: LHB Wilfrid Savary 0-0: Swinging Strike
0-1: Foul Ball, location: 2F
0-2: Strikes out swinging
Batting: LHB Gonzalo López 0-0: Ball
1-0: Swinging Strike
1-1: Fly out, F4 (Popup, 3D)
Top of the 6th over - 0 run(s), 0 hit(s), 0 error(s), 0 left on base; Kingston Township 2 - Rocky Mountain 5
BOTTOM OF THE 6TH
Rocky Mountain Nuggets batting - Pitching for Kingston Township Legion : RHP Wally Wilkerson
Batting: RHB Mike Green 0-0: Called Strike
0-1: Ground out 6-3 (Groundball, 6)
Batting: LHB Juan Ríos 0-0: Ground out 4-3 (Groundball, 4M)
Batting: RHB Michael Riley 0-0: Ball
1-0: Ball
2-0: Ball
3-0: Base on Balls
Batting: RHB Mark Melton 0-0: Called Strike
0-1: Ball
1-1: Ball
2-1: Ball
3-1: Base on Balls
Michael Riley to second
Batting: RHB Mark O'Monaghan 0-0: Ball
1-0: Called Strike
1-1: Ball
2-1: Swinging Strike
2-2: TRIPLE (Flyball, 9LD)
Michael Riley scores
Mark Melton scores
Batting: RHB Xie-li Kan 0-0: Called Strike
0-1: Ball
1-1: Ball
2-1: SINGLE (Line Drive, 6MD)
Mark O'Monaghan scores
Pitching: RHP Clarence Ramsey
Batting: SHB Jorge Colomo 0-0: Fielders Choice at 2nd, U6 (Groundball, 6M)
Bottom of the 6th over - 3 run(s), 2 hit(s), 0 error(s), 1 left on base; Kingston Township 2 - Rocky Mountain 8
TOP OF THE 7TH
Kingston Township Legion batting - Pitching for Rocky Mountain Nuggets : RHP Félix Jiménez
Batting: RHB Pedro Mendoza 0-0: Called Strike
0-1: Swinging Strike
0-2: Ball
1-2: Ball
2-2: Ball
3-2: Strikes out swinging
Batting: RHB Pete Knight 0-0: Ball
1-0: SINGLE (Flyball, 9LS)
Batting: RHB Ralph May 0-0: Ball
1-0: Ball
2-0: Ball
3-0: Base on Balls
Pete Knight to second
Batting: RHB Ernie McPherson 0-0: Called Strike
0-1: DOUBLE (Groundball, 5L)
Pete Knight scores
Ralph May to third
Batting: LHB Forrest McCooke 0-0: Called Strike
0-1: Ball
1-1: Hit by Pitch
Batting: RHB Layton Templeman 0-0: Ball
1-0: Grounds into double play, 6-4-3 (Groundball, 6)
Top of the 7th over - 1 run(s), 2 hit(s), 0 error(s), 2 left on base; Kingston Township 3 - Rocky Mountain 8
BOTTOM OF THE 7TH
Rocky Mountain Nuggets batting - Pitching for Kingston Township Legion : RHP Clarence Ramsey
Batting: RHB Juan Ávila 0-0: Ball
1-0: Called Strike
1-1: Foul Ball, location: 2F
1-2: Ball
2-2: Ball
3-2: Base on Balls
Batting: RHB Paul Smith 0-0: Bunted foul
0-1: Ball
1-1: Bunt missed!
1-2: Foul Ball, location: 2F
1-2: 2-RUN HOME RUN (Flyball, 7D), Distance : 371 ft
Batting: RHB Mike Green 0-0: Called Strike
0-1: SINGLE (Groundball, 56D)
Batting: LHB Juan Ríos 0-0: Bunted foul
0-1: Sac Bunt - play at first, batter OUT! 1-4
Mike Green to second
Batting: RHB Michael Riley 0-0: Called Strike
0-1: Ball
1-1: Ball
2-1: Swinging Strike
2-2: Ball
3-2: Foul Ball, location: 2F
3-2: Base on Balls
Batting: RHB Mark Melton 0-0: SINGLE (Flyball, 89S)
Mike Green to third
Michael Riley to second
Runner from 3rd tries for Home, SAFE, throw made home
Michael Riley to third
Mark Melton to second
Batting: RHB Mark O'Monaghan 0-0: Swinging Strike
0-1: Ball
1-1: Called Strike
1-2: Fly out, F8 (Flyball, 8LM)
Runner from 3rd tags up, SCORES, throw made
Pitching: RHP Louis McDowell
Batting: RHB Xie-li Kan 0-0: Ball
1-0: Ball
2-0: Foul Ball, location: 2F
2-1: Ball
3-1: Base on Balls
Batting: SHB Jorge Colomo 0-0: Called Strike
0-1: Foul Ball, location: 2F
0-2: Fly out, F9 (Flyball, 89M)
Bottom of the 7th over - 4 run(s), 3 hit(s), 0 error(s), 2 left on base; Kingston Township 3 - Rocky Mountain 12
TOP OF THE 8TH
Kingston Township Legion batting - Pitching for Rocky Mountain Nuggets : RHP Félix Jiménez
Batting: LHB Marcos Zúñiga 0-0: Called Strike
0-1: Ball
1-1: Ball
2-1: Foul Ball, location: 2F
2-2: SINGLE (Groundball, 6MD) (infield hit)
Batting: LHB Wilfrid Savary 0-0: Swinging Strike
0-1: Swinging Strike
0-2: Ball
1-2: Strikes out looking
Pitching: RHP Steve King
Batting: LHB Gonzalo López 0-0: Called Strike
0-1: Ball
1-1: Called Strike
1-2: Ball
2-2: Foul Ball, location: 2F
2-2: Foul Ball, location: 2F
2-2: Foul Ball, location: 2F
2-2: Strikes out swinging
Batting: RHB Pedro Mendoza 0-0: Ground out 1-3 (Groundball, 15S)
Top of the 8th over - 0 run(s), 1 hit(s), 0 error(s), 1 left on base; Kingston Township 3 - Rocky Mountain 12
BOTTOM OF THE 8TH
Rocky Mountain Nuggets batting - Pitching for Kingston Township Legion : RHP Louis McDowell
Batting: RHB Juan Ávila 0-0: Ball
1-0: Ball
2-0: Foul Ball, location: 2F
2-1: Foul Ball, location: 2F
2-2: Ball
3-2: Foul Ball, location: 2F
3-2: Base on Balls
Batting: RHB Paul Smith 0-0: Ball
1-0: Bunt - Flyout! F2
Batting: RHB Mike Green 0-0: DOUBLE (Flyball, 8LXD)
Juan Ávila to third
Batting: LHB Juan Ríos 0-0: Fly out, F8 (Popup, 8LS)
Batting: RHB Michael Riley 0-0: Called Strike
0-1: Fly out, F5 (Line Drive, 5S)
Bottom of the 8th over - 0 run(s), 1 hit(s), 0 error(s), 2 left on base; Kingston Township 3 - Rocky Mountain 12
TOP OF THE 9TH
Kingston Township Legion batting - Pitching for Rocky Mountain Nuggets : RHP Steve King
Batting: RHB Pete Knight 0-0: Ball
1-0: Called Strike
1-1: DOUBLE (Line Drive, 7D) - OUT at third base trying to stretch hit.
Batting: RHB Ralph May 0-0: SINGLE (Flyball, 89S)
Batting: RHB Ernie McPherson 0-0: Ball
1-0: Grounds into double play, 4-6-3 (Groundball, 4M)
Top of the 9th over - 0 run(s), 2 hit(s), 0 error(s), 0 left on base; Kingston Township 3 - Rocky Mountain 12
This league is powered by Out of the Park Baseball, the baseball management simulation game for PC, Mac and Linux
Friday, April 15th, 2016 - OOTP Baseball 16.9 Build 39